 Dungeon Crawl Stone Soup version 0.28.0-45-g0d030f2227 (webtiles) character file.

Game seed: 7600506049113425197

95 bobregger the Cudgeller (level 4, -3/48 HPs)
             Began as an Ogre Berserker on Apr 24, 2022.
             Was a Believer of Trog.
             Slain by a gnoll
             ... wielding a +0 whip
              (8 damage)
             ... on level 3 of the Dungeon.
             The game lasted 00:03:11 (2322 turns).

bobregger the Cudgeller (Ogre Berserker)            Turns: 2322, Time: 00:03:11

Health: -3/48      AC:  3    Str: 21    XL:     4   Next: 65%
Magic:  4/4        EV: 10    Int:  8    God:    Trog [**....]
Gold:   91         SH:  0    Dex: 10    Spells: 3/3 levels left

rFire   + . .      SeeInvis .   d - +2 whip (freeze)
rCold   . . .      Faith    .   (no shield)
rNeg    . . .      Spirit   .   b - +0 animal skin
rPois   .          Reflect  .   (helmet restricted)
rElec   .          Harm     .   (no cloak)
rCorr   .          Rampage  .   (gloves unavailable)
Will    .....                   (boots unavailable)
Stlth   +.........              (no amulet)
HPRegen 0.16/turn               j - ring of protection from fire
MPRegen 0.09/turn               (no ring)

@: on berserk cooldown, hasted and slowed
A: large, unfitting armour, tough skin 1
a: Renounce Religion, Berserk, Trog's Hand


You were on level 3 of the Dungeon.
You worshipped Trog.
Trog was pleased with you.
You visited 1 branch of the dungeon, and saw 3 of its levels.

You collected 91 gold pieces.

Inventory:

Hand Weapons
 d - a +2 whip of freezing (weapon)
Armour
 b - a +0 animal skin (worn)
Jewellery
 j - a ring of protection from fire (left hand)
Scrolls
 a - 2 scrolls of enchant armour {unknown}
 c - 2 scrolls of fear {unknown}
 e - a scroll of identify {unknown}
 i - a scroll of teleportation {unknown}
Potions
 g - a potion of berserk rage {unknown}
 h - 2 potions of attraction {unknown}


   Skills:
 - Level 4.0 Fighting
 + Level 4.8 Maces & Flails
 - Level 2.6 Dodging


You had 3 spell levels left.
You didn't know any spells.
Your spell library was empty.

Dungeon Overview and Level Annotations

Branches:
Dungeon (3/15)

Altars:

Shops:
D:3 [


Innate Abilities, Weirdness & Mutations

You are too large for most types of armour.
You have tough skin. (AC +1)


Message History

Trog accepts your kill.
The orc hits you from afar with a +0 trident.
The orc barely misses you.
Items here: )) [ ††.
You barely miss the orc. The orc hits you with a +0 trident.
The orc hits you but does no damage.
You hit the orc. You freeze the orc.
You kill the orc!
Trog accepts your kill. The orc hits you with a +0 dagger.
Things that are here:
a +0 trident; a +0 scale mail You closely miss the orc.
You whack the orc! You freeze the orc.
You kill the orc!
Trog accepts your kill.
A gnoll comes into view. It is wielding a +0 whip.
You are no longer berserk.
You are exhausted.
You feel yourself slow down.
The gnoll shouts!
A gnoll comes into view. It is wielding a staff of earth.
Things that are here:
a +0 dagger; an orc corpse
Things that are here:
a +0 trident; a +0 scale mail
Items here: )) [ ††.
Items here: ( ) [ †.
The gnoll hits you with a +0 whip!
* * * LOW HITPOINT WARNING * * *
It was a potion of haste.
You feel yourself speed up. The gnoll barely misses you.
You whack the gnoll! You freeze the gnoll.
The gnoll is severely wounded.
The gnoll hits you with a +0 whip.
* * * LOW HITPOINT WARNING * * *
You hit the gnoll but do no damage.
The gnoll is severely wounded.
The gnoll hits you with a +0 whip!
You die...

#.[..⌠.........####..#
#.#..................#
#.##†..#############.#
#...........# #)).#
####..#####.# #)###
#..#####.# #)#
#.....##.## #.#
##.##.....#####.#
#.#####....@g..#
#..>....########
#########


You could see a gnoll.

Vanquished Creatures
  Terence (D:2)
  An adder (D:2)
  2 worms (D:2)
  A dart slug (D:2)
  5 orcs (D:3)
  3 ball pythons
  7 bats
  3 endoplasms
  A giant cockroach (D:2)
  3 goblins
  5 hobgoblins
  2 quokkas (D:2)
  2 frilled lizards (D:1)
  6 kobolds
  4 rats
46 creatures vanquished.

Vanquished Creatures (others)
  4 toadstools (D:1)
4 creatures vanquished.

Grand Total: 50 creatures vanquished

Notes
Turn   | Place    | Note
-------+----------+-------------------------------------------
     0 | D:1      | bobregger the Ogre Berserker began the quest for the Orb.
     0 | D:1      | Reached XP level 1. HP: 24/24 MP: 1/1
    14 | D:1      | Found a faded altar of an unknown god.
   361 | D:1      | Reached XP level 2. HP: 30/32 MP: 2/2
  1109 | D:2      | Reached XP level 3. HP: 39/39 MP: 3/3
  1501 | D:2      | Noticed Terence
  1514 | D:2      | Killed Terence
  1515 | D:2      | Reached XP level 4. HP: 48/48 MP: 4/4
  2252 | D:3      | Reached ** piety under Trog
  2281 | D:3      | Found Orutiseu's Antique Armour Shop.
  2322 | D:3      | Slain by a gnoll

Illustrated notes

Levels and vault maps discovered:
D:1:      ldierk_walled_garden_2, layout_basic, basic_ecumenical_altar,
          minmay_distorted
D:2:      layout_loops_ring, uniq_terence
D:3:      layout_loops_cross, mainiacjoe_overflow_brackets, serial_shops,
          nicolae_shop_hallway_plus, shop, nicolae_diamond_shop,
          columned_hall_lemuel, serial_park_tiny_pond, serial_bayou_pond_c,
          uniq_robin

Skill      XL: |  1  2  3 |
---------------+----------+-----
Maces & Flails | 3 4 |  4.8
Fighting       | |  4.0
Dodging        | |  2.6

Action                   |  1- 3 |  4- 6 || total
-------------------------+-------+-------++-------
Melee: Whip              |    81 |    49 ||   130
       Mace              |     9 |       ||     9
Invok: Berserk           |     1 |     2 ||     3
  Use: Potion            |       |     1 ||     1
Armor: Animal skin       |    66 |    10 ||    76
Dodge: Dodged            |    77 |    18 ||    95
